 Dungeon Crawl Stone Soup version 0.20-a0-537-g052e6ba (webtiles) character file.

109 Klosterheim the Skirmisher (level 4, 0/50 HPs)
             Began as an Ogre Monk on Jan 28, 2017.
             Slain by a river rat (4 damage)
             ... in a sewer.
             The game lasted 00:03:04 (2464 turns).

Klosterheim the Skirmisher (Ogre Monk)              Turns: 2464, Time: 00:03:06

Health: 0/50       AC:  3    Str: 15    XL:     4   Next: 90%
Magic:  4/4        EV: 10    Int: 12    God:
Gold:   133        SH:  0    Dex: 11    Spells: 3/3 levels left

rFire    . . .     SeeInvis .   a - +0 mace
rCold    . . .     Gourm    .   b - +0 robe
rNeg     . . .     Faith    .   (no shield)
rPois    .         Spirit   .   (helmet restricted)
rElec    .         Reflect  .   (no cloak)
rCorr    .         Harm     .   (gloves unavailable)
MR       .....                  (boots unavailable)
Stlth    ++........             (no amulet)
Regen    0.2/turn               (no ring)
                                (no ring)

@: no status effects
A: unfitting armour, tough skin 1
a: no special abilities


You were in a sewer.
You were not hungry.

You visited 1 branch of the dungeon, and saw 3 of its levels.
You also visited: Sewer.

You collected 133 gold pieces.

Inventory:

Hand Weapons
 a - a +0 mace (weapon)
Armour
 b - a +0 robe (worn)
Magical Staves
 i - an uncursed staff of poison
Scrolls
 j - a scroll of identify
Potions
 e - a potion of brilliance
 f - 2 potions of heal wounds {unknown}
 g - 4 potions of curing
 h - 2 potions of haste
Comestibles
 c - 3 bread rations
 d - 2 chunks of flesh
 k - a royal jelly


   Skills:
 + Level 5.2 Fighting
 * Level 4.3 Maces & Flails
 - Level 2.6 Dodging
 - Level 1.4 Stealth


You had 3 spell levels left.
You didn't know any spells.

Dungeon Overview and Level Annotations

Branches:
Dungeon (3/15)

Altars:

Annotations:
D:3 Natasha


Innate Abilities, Weirdness & Mutations

You are too large for most types of armour.
You have tough skin. (AC +1)


Message History

You hit the ball python.
You kill the ball python!
You feel sick. The rat bites you but does no damage. The rat bites you.
There is an open door, spattered with blood here.
You see here a ball python corpse.
You closely miss the rat. The river rat barely misses you.
The river rat bites you! The rat barely misses you. The rat bites you.
* * * LOW HITPOINT WARNING * * *
The river rat bites you.
* * * LOW HITPOINT WARNING * * *
The river rat misses you.
Unknown command.
The river rat bites you.
* * * LOW HITPOINT WARNING * * *
Things that are here:
a short sword; a kobold corpse You feel sick.
You are no longer poisoned.
The river rat bites you.
You die...

#......## ..≈≈.≈≈≈≈≈≈
.≈≈≈≈≈≈≈≈≈≈≈≈≈#≈
≈≈≈≈≈≈≈≈≈≈≈≈≈#≈# #
≈≈≈≈≈≈≈≈≈≈≈≈≈≈# ≈#
≈≈≈≈≈≈≈≈≈≈≈≈≈# ≈≈#
.≈≈≈≈≈≈≈≈≈≈≈≈#######≈≈#
≈.≈.≈≈≈≈≈≈≈≈≈#.r#..#≈≈#
...r≈≈≈≈≈≈≈..#)r@..#≈≈#
............rrr)..##≈≈#
............r#.....#≈≈#
÷............#..#..#≈≈#
......###..#########≈≈#
##...## #### ≈≈# #####
≈# ≈# #


You could see 2 river rats and 4 rats.

Vanquished Creatures
  Terence (D:2)
  2 adders
  2 oozes (D:1)
  2 dart slugs
  A leopard gecko (D:2)
  6 bats
  A giant cockroach (D:1)
  5 goblins
  8 hobgoblins
  11 kobolds
  2 ball pythons
  6 frilled lizards
  10 rats
57 creatures vanquished.

Notes
Turn   | Place    | Note
-------+----------+-------------------------------------------
     0 | D:1      | Klosterheim the Ogre Monk began the quest for the Orb.
     0 | D:1      | Reached XP level 1. HP: 24/24 MP: 1/1
   138 | D:1      | Reached XP level 2. HP: 32/32 MP: 2/2
   451 | D:1      | Reached XP level 3. HP: 40/40 MP: 3/3
   947 | D:2      | Noticed Terence
   964 | D:2      | Killed Terence
   964 | D:2      | Reached XP level 4. HP: 35/49 MP: 4/4
  1584 | D:2      | Reached skill level 5 in Fighting
  1942 | D:3      | Found a glowing drain.
  1947 | D:3      | Noticed Natasha
  1969 | Sewer    | Entered a sewer
  2464 | Sewer    | Slain by a river rat

Vault maps used:
D:1:      dpeg_arrival_houses_and_road, serial_forest,
          infiniplex_forest_diagonal, infiniplex_forest_lined_ring,
          infiniplex_forest_clump_double, infiniplex_forest_join,
          infiniplex_forest_end_2, infiniplex_forest_corner_2,
          infiniplex_forest_clump_tiny
D:2:      first_bread, uniq_terence
D:3:      led_sif_book, minitemple, ashenzari_altar_1, portal_sewer_entry_a,
          uniq_iyjb, uniq_natasha, uniq_crazy_yiuf_cottage
Sewer:    sewer_minmay_treatment

Skill      XL: |  1  2  3  4 |
---------------+-------------+-----
Maces & Flails | 3 4 |  4.3
Fighting       | 5 |  5.2
Dodging        | |  2.6
Stealth        | |  1.4

Action                   |  1- 3 |  4- 6 || total
-------------------------+-------+-------++-------
Melee: Mace              |    75 |   125 ||   200
       Staff             |       |     2 ||     2
  Use: Scroll            |     2 |     3 ||     5
       Potion            |     1 |       ||     1
 Stab: Sleeping          |     5 |       ||     5
  Eat: Chunk             |       |     5 ||     5
Armor: Robe              |    20 |    42 ||    62
Dodge: Dodged            |    46 |   120 ||   166
